Map: King Sejong Station LE

Players

OnyX - Winner!

  • Race: Protoss Protoss
  • League: Gold

InvaderZim

  • Race: Protoss Protoss
  • League: Silver

VOD

Have the link to the VOD?

Description

Time

  • Played on: Nov. 1, 2016, 9:54 a.m.
  • Length: 10:49
Show
View Real Time Build Order
Export as new Build Order

OnyX Protoss - Winner!

Build Orders:  

Get SALT Encoding   

  12  0:01  Probe (Chrono Boost)  
  13  0:11  Probe (Chrono Boost)  
  14  0:20  Pylon  
  14  0:23  Probe (Chrono Boost)  
  15  0:38  Probe (Chrono Boost)  
  15  0:39  Gateway  
  16  0:48  Assimilator  
  16  0:49  Probe (Chrono Boost)  
  17  0:58  Assimilator  
  17  0:59  Probe (Chrono Boost)  
  18  1:07  Pylon  
  18  1:10  Probe (Chrono Boost)  
  19  1:20  Probe (Chrono Boost)  
  20  1:29  Cybernetics Core  
  20  1:31  Probe (Chrono Boost)  
  21  1:41  Probe (Chrono Boost)  
  22  1:52  Probe (Chrono Boost)  
  23  1:56  Warp Gate  
  23  2:19  Probe (Chrono Boost)  
  24  2:25  Twilight Council  
  26  2:33  Mothership Core (Chrono Boost)  
  26  2:41  Pylon  
  27  2:52  Probe (Chrono Boost)  
  27  2:55  Adept  
  27  2:56  Resonating Glaives, Gateway  
  29  2:58  Gateway  
  29  3:01  Pylon  
  29  3:23  Gateway  
  29  4:03  Adept x2  
  29  4:04  Adept  
  29  4:07  Nexus, Unknown  
  35  4:26  Pylon  
  35  4:32  Adept x2  
  35  4:33  Adept x2  
  41  5:18  Unknown  
  29  5:45  Adept x2  
  29  5:46  Adept x2  
  29  5:49  Probe (Chrono Boost)  
  36  5:53  Probe (Chrono Boost)  
  37  6:01  Probe (Chrono Boost)  
  37  6:02  Stargate  
  37  6:03  Probe (Chrono Boost)  
  39  6:11  Robotics Facility  
  39  6:12  Robotics Facility  
  39  6:13  Probe (Chrono Boost)  
  39  6:14  Probe (Chrono Boost)  
  41  6:21  Adept x2  
  41  6:22  Adept x2  
  41  6:24  Probe (Chrono Boost)  
  41  6:25  Probe (Chrono Boost)  
  51  6:32  Pylon  
  50  6:37  Probe (Chrono Boost)  
  51  6:42  Oracle  
  51  6:43  Adept x4  
  57  7:14  Probe (Chrono Boost)  
  57  7:15  Probe (Chrono Boost)  
  59  7:24  Probe (Chrono Boost)  
  59  7:27  Probe (Chrono Boost)  
  61  7:35  Probe (Chrono Boost)  
  62  7:39  Probe (Chrono Boost)  
  61  7:45  Probe (Chrono Boost)  
  61  7:48  Adept x2  
  61  7:49  Adept x2  
  70  7:56  Probe x2 (Chrono Boost)  
  72  8:07  Probe (Chrono Boost)  
  72  8:08  Probe (Chrono Boost)  
  74  8:18  Oracle  
  77  8:33  Pylon  
  77  8:36  Assimilator, Pylon  
  77  8:37  Probe (Chrono Boost)  
  77  8:38  Pylon  
  77  8:40  Assimilator  
  78  8:52  Immortal x2  
  78  8:55  Adept x4  
  94  9:11  Probe (Chrono Boost)  
  94  9:12  Probe (Chrono Boost)  
  94  9:15  Pylon  
  96  9:18  Pylon  
  96  9:26  Nexus, Unknown  
  92  9:49  Immortal x2  
  100  10:12  Stalker x2  
  100  10:13  Stalker x2  
  108  10:23  Gateway  
  108  10:24  Gateway  
  108  10:27  Gateway  
  108  10:29  Pylon  
  108  10:32  Pylon  
  108  10:38  Stalker x4, Unknown  
Show
View Real Time Build Order
Export as new Build Order

InvaderZim Protoss 

Build Orders:  

Get SALT Encoding   

  12  0:01  Probe (Chrono Boost)  
  13  0:11  Probe (Chrono Boost)  
  14  0:17  Pylon  
  14  0:22  Probe (Chrono Boost)  
  16  0:35  Probe (Chrono Boost)  
  16  0:37  Gateway  
  16  0:49  Probe (Chrono Boost)  
  17  0:58  Assimilator  
  18  1:04  Probe (Chrono Boost)  
  18  1:06  Assimilator  
  18  1:15  Probe (Chrono Boost)  
  19  1:25  Probe (Chrono Boost)  
  20  1:26  Zealot  
  20  1:28  Forge  
  22  1:36  Probe (Chrono Boost)  
  23  1:43  Pylon  
  23  1:59  Protoss Ground Weapons Level 1  
  23  2:02  Probe (Chrono Boost)  
  23  2:04  Cybernetics Core  
  23  2:06  Zealot  
  26  2:18  Probe (Chrono Boost)  
  28  2:30  Probe (Chrono Boost), Pylon  
  27  2:38  Zealot  
  29  2:54  Twilight Council  
  29  3:00  Gateway  
  29  3:05  Zealot  
  32  3:13  Probe (Chrono Boost)  
  34  3:27  Mothership Core (Chrono Boost)  
  34  3:33  Zealot  
  36  3:35  Gateway  
  36  3:37  Gateway  
  36  3:40  Charge  
  37  3:57  Probe (Chrono Boost)  
  37  4:05  Zealot  
  39  4:13  Pylon  
  39  4:22  Pylon  
  39  4:31  Zealot  
  41  4:32  Zealot  
  41  4:34  Zealot x2  
  47  4:58  Zealot  
  47  4:59  Zealot  
  51  5:01  Zealot x2  
  36  5:28  Zealot x3  
  40  5:33  Zealot  
  38  5:52  Probe (Chrono Boost)  
  40  6:04  Probe (Chrono Boost)  
  42  6:11  Zealot x2  
  42  6:16  Probe (Chrono Boost)  
  45  6:28  Probe (Chrono Boost)  
  38  6:54  Zealot x2  
  38  6:55  Zealot x2  
  36  7:21  Zealot x2  
  36  7:22  Zealot  
  42  7:42  Nexus, Unknown  
  36  7:49  Pylon  
  27  8:27  Probe (Chrono Boost)  
  27  8:39  Probe (Chrono Boost)  
  28  8:51  Probe (Chrono Boost)  
  28  8:53  Unknown  
  30  9:03  Probe (Chrono Boost)  
  30  9:05  Pylon  
  30  9:12  Probe (Chrono Boost)  
  30  9:15  Probe (Chrono Boost)  
  32  9:23  Probe (Chrono Boost)  
  31  9:27  Probe (Chrono Boost)  
  22  9:40  Zealot x4  
  21  10:11  Pylon  
  21  10:19  Probe (Chrono Boost)  
  22  10:24  Probe (Chrono Boost)  
  23  10:30  Probe (Chrono Boost)  
  25  10:36  Probe (Chrono Boost)  
Tags
 
Add a new tag
Caveats
  • Supply blocks, unpowered buildings, or Contaminate may cause inaccurate times.
  • Supply counts are checked every 10 seconds.